 Dungeon Crawl Stone Soup version 0.24-a0-416-g56ce5178b7 (webtiles) character file.

Game seed: 576698743808732994

168 Azzok the Shield-Bearer (level 5, -3/41 HPs)
             Began as a Formicid Fighter on June 8, 2019.
             Killed by divine providence
             ... invoked by an orc priest
              (12 damage)
             ... on level 3 of the Dungeon.
             The game lasted 00:03:25 (2616 turns).

Azzok the Shield-Bearer (Formicid Fighter)          Turns: 2616, Time: 00:03:25

Health: -3/41      AC: 13    Str: 27    XL:     5   Next: 78%
Magic:  5/5        EV:  7    Int:  7    God:
Gold:   161        SH: 10    Dex: 10    Spells: 4/4 levels left

rFire    . . .     SeeInvis +   n - +2 dagger (elec)
rCold    . . .     Gourm    .   c - +0 shield
rNeg     . . .     Faith    .   r - +0 chain mail
rPois    .         Spirit   .   (helmet unavailable)
rElec    .         Reflect  .   (no cloak)
rCorr    .         Harm     .   (no gloves)
MR       .....                  (no boots)
Stlth    ..........             (no amulet)
HPRegen  0.13/turn              k - +5 ring of strength
MPRegen  0.09/turn              t - +4 ring of protection

@: no status effects
A: permanent stasis, dig shafts and tunnels, four strong arms, antennae 3
a: Dig, Shaft Self


You were on level 3 of the Dungeon.
You were not hungry.

You visited 1 branch of the dungeon, and saw 3 of its levels.

You collected 161 gold pieces.

Inventory:

Hand Weapons
 a - a +0 war axe
 n - a +2 dagger of electrocution (weapon)
Armour
 c - a +0 shield (worn)
 r - a +0 chain mail (worn)
Jewellery
 k - a +5 ring of strength (left hand)
 t - a +4 ring of protection (right hand)
Scrolls
 e - a scroll of teleportation {unknown}
 h - a scroll of enchant weapon {unknown}
 m - 4 scrolls of identify {unknown}
 o - a scroll of fog {unknown}
 s - 2 scrolls of amnesia {unknown}
 u - 3 scrolls of fear {unknown}
Potions
 b - a potion of invisibility {unknown}
 d - 2 potions of might
 g - 2 potions of mutation {unknown}
 j - 5 potions of curing {unknown}
 l - a potion of lignification {unknown}
 p - 2 potions of brilliance {unknown}
 q - a potion of heal wounds {unknown}
Comestibles
 f - 4 rations
 i - 5 chunks of flesh


   Skills:
 - Level 3.2 Fighting
 + Level 4.1 Axes
 - Level 3.2 Armour
 + Level 5.7 Shields


You had 4 spell levels left.
You didn't know any spells.
Your spell library was empty.

Dungeon Overview and Level Annotations

Branches:
Dungeon (3/15)

Altars:
Sif Muna


Innate Abilities, Weirdness & Mutations

You cannot be hasted, slowed, berserked, paralysed or teleported.
You can dig through walls and to a lower floor.
Your four strong arms can wield two-handed weapons with a shield.
You have a pair of large antennae on your head. (SInv)


Message History

You struggle against the net.
The orc priest hits you with a +0 war axe.
The orc priest miscasts a cantrip.
You struggle against the net.
The orc priest calls down the wrath of Beogh upon you.
Beogh smites you!
* * * LOW HITPOINT WARNING * * *
You rip the net and break free!
The orc priest miscasts a cantrip.
The rat twitches its whiskers.
The orc priest hits you with a +0 war axe.
* * * LOW HITPOINT WARNING * * *
You hit the orc priest.
The orc priest is heavily wounded.
The orc priest barely misses you.
You hit the orc priest.
The orc priest is almost dead.
The orc priest mumbles some strange prayers to Beogh against you.
Beogh smites you!
You die...

·▒ ▒·▒ ▒·▒·▒·······▒▒·▒ ··
▒·▒▒▒▒▒▒▒▒▒·▒·▒·······▒▒·▒
·▒▒▒·▒·········▒·▒·······▒▒╬▒▒
··▒▒·▒·········▒·▒···········▒
▒▒▒·▒▒·▒········^▒·▒···········▒
····▒▒·▒·········▒·▒··········)▒
····▒▒·▒▒▒▒▒▒▒▒▒·▒·▒▒▒▒▒▒▒·····▒
·····▒·▒ ▒·▒·············▒
···▒÷▒·▒ ▒@▒▒▒▒▒▒▒▒▒·····▒
··[▒···▒ ▒o▒ ▒·····▒
···▒▒··▒▒▒▒▒▒▒


oog{{ ▒▒▒▒▒▒▒ ·············╬··lor ▒▒·▒▒··▒▒▒▒▒▒▒······ ···▒▒▒)▒ ▒····!··
▒▒▒▒▒▒·▒▒▒▒▒▒▒········ ····[·>······▒········· ▒▒▒▒▒········▒ You could see 2
orc priests, an orc wizard (invisible), a gnoll, an orc, a frilled lizard and a
rat.

Vanquished Creatures
  2 orc priests
  2 gnolls (D:3)
  An adder (D:3)
  2 oozes (D:1)
  2 worms
  5 orcs
  A ball python (D:3)
  4 giant cockroaches
  7 goblins
  7 hobgoblins
  4 jackals (D:2)
  A quokka (D:3)
  5 bats
  4 frilled lizards
  4 kobolds
  11 rats
62 creatures vanquished.

Notes
Turn   | Place    | Note
-------+----------+-------------------------------------------
     0 | D:1      | Azzok the Formicid Fighter began the quest for the Orb.
     0 | D:1      | Reached XP level 1. HP: 18/18 MP: 1/1
    82 | D:1      | Reached XP level 2. HP: 20/24 MP: 2/2
    84 | D:1      | Reached skill level 4 in Shields
   226 | D:1      | Reached XP level 3. HP: 12/29 MP: 3/3
  1111 | D:2      | Reached XP level 4. HP: 35/35 MP: 4/4
  1262 | D:2      | Found a deep blue altar of Sif Muna.
  1976 | D:2      | Reached skill level 5 in Shields
  2206 | D:3      | Reached XP level 5. HP: 41/41 MP: 5/5
  2616 | D:3      | Killed from afar by an orc priest

Levels and vault maps discovered:
D:1:      psy_arrival_conway, layout_basic, minmay_pentomino_t4
D:2:      layout_loops_ring, lemuel_coloured_pillars_altar, first_ration
D:3:      layout_basic

Skill      XL: |  1  2  3  4  5 |
---------------+----------------+-----
Shields        | 4 5 |  5.7
Axes           | 3 4 |  4.1
Fighting       | |  3.2
Armour         | |  3.2

Action                   |  1- 3 |  4- 6 || total
-------------------------+-------+-------++-------
Melee: War axe           |    43 |       ||    43
       Dagger            |    51 |    82 ||   133
  Eat: Chunk             |     1 |     1 ||     2
       Ration            |       |     1 ||     1
Armor: Scale mail        |    35 |       ||    35
       Chain mail        |       |    21 ||    21
Dodge: Dodged            |    26 |    17 ||    43
Block: Shield            |    41 |    38 ||    79

Table legend:
 A = Non-vault XP
 B = Vault XP
 C = Vault XP percentage of total XP
 D = Non-vault monster count
 E = Vault monster count
 F = Vault count percentage of total count
                 A         B        C        D         E       F
            +---------+---------+-------+---------+---------+-------
      Total |     234 |       7 |   2.9 |      58 |       4 |   6.5
            +---------+---------+-------+---------+---------+-------
        D:1 |      45 |       7 |  13.5 |      24 |       4 |  14.3
        D:2 |      76 |       0 |   0.0 |      17 |       0 |   0.0
        D:3 |     113 |       0 |   0.0 |      17 |       0 |   0.0
            +---------+---------+-------+---------+---------+-------
